 Dungeon Crawl Stone Soup version 0.32-a0-131-g9dbbe29261 (webtiles) character file.

Game seed: 7620999452926434298

9778 seren the Mimic (level 11, 0/138 HPs)
             Began as a Pale Draconian Shapeshifter on Feb 8, 2024.
             Was a Priest of Wu Jian.
             Slain by a vampire (2 damage)
             ... on level 10 of the Dungeon.
             The game lasted 00:34:35 (8446 turns).

seren the Mimic (Pale Draconian Shapeshifter)       Turns: 8446, Time: 00:34:36

Health: 0/138      AC: 25    Str: 18    XL:     11   Next: 27%
Magic:  11/11      EV:  2    Int: 12    God:    Wu Jian [***...]
Gold:   550        SH:  0    Dex: 12    Spells: 8/10 levels left

rFire   . .          .
                       - Unarmed
rCold   . . .        (no shield)
rNeg    . . .        (body armour unavailable)
rPois   +            (helmet currently unavailable)
rElec   .            (cloak currently unavailable)
rCorr   +            R - melded +1 pair of gloves
SInv    .            u - melded +0 pair of boots
Will    .....        l - amulet of regeneration
Stlth   +            z - ring of resist corrosion
HPRegen 1.23/turn    (no ring)
MPRegen 0.12/turn

%: no passive effects
@: confused, tree-form, ambrosia-drunk
A: stationary, stasis, torment immunity, boosted hp, (breathe steam), AC +7,
unfitting armour, (cold-blooded), (steam resistance)
a: Renounce Religion, Wall Jump, Serpent's Lash


You were on level 10 of the Dungeon.
You worshipped Wu Jian.
Wu Jian was most pleased with you.
You were a tree.
You visited 2 branches of the dungeon, and saw 11 of its levels.
You also visited: Bailey.

You collected 550 gold pieces.

Inventory:

Hand Weapons
 n - a +0 short sword of draining
 w - a +0 vampiric dagger
 A - a +1 short sword of speed
Missiles
 d - 10 boomerangs (quivered)
 q - 21 poisoned darts
Armour
 u - a +0 pair of boots (melded)
 C - a +0 buckler
 R - a +1 pair of gloves (melded)
Jewellery
 l - an amulet of regeneration (around neck)
 z - a ring of resist corrosion (left branch)
 H - a ring of magical power
Talismans
 b - a beast talisman
 c - a flux talisman
 g - a granite talisman
 D - a serpent talisman (active)
Wands
 j - a wand of quicksilver (5)
 x - a wand of paralysis (8)
 G - a wand of polymorph (9)
 I - a wand of flame (9)
Scrolls
 e - a scroll of vulnerability
 f - 2 scrolls of blinking {!r}
 k - 2 scrolls of fear
 m - a scroll of immolation
 p - a scroll of revelation
 r - 2 scrolls of enchant weapon
 s - 5 scrolls of poison
 y - 2 scrolls of enchant armour
 B - 2 scrolls of fog
 J - a scroll of noise {unknown}
 K - a scroll of teleportation {unknown}
 P - a scroll of amnesia {unknown}
 Q - a scroll of torment {unknown}
Potions
 a - a potion of lignification
 h - 3 potions of cancellation
 i - 6 potions of curing
 o - 5 potions of attraction
 v - a potion of ambrosia
 E - a potion of brilliance
 F - a potion of berserk rage {unknown}
 L - 2 potions of might
 M - a potion of invisibility {unknown}
 N - a potion of resistance {unknown}
 O - a potion of haste


   Skills:
 + Level 7.3 Fighting
 + Level 7.6 Dodging
 - Level 2.0 Shields
 + Level 8.0 Unarmed Combat
 - Level 7.0 Evocations
 + Level 10.0 Shapeshifting


You had 8 spell levels left.
You knew the following spells:

 Your Spells              Type           Power      Damage    Failure   Level
a - Blink                 Tloc           0%         N/A       45%         2

Your spell library contained the following spells:

 Spells                   Type           Power      Damage    Failure   Level
 Kiss of Death            Conj/Necr      0%         2d5       32%         1
 Magic Dart               Conj           0%         1d3       32%         1
 Call Imp                 Summ           0%         N/A       45%         2
 Ensorcelled Hibernation  Hex/Ice        0%         N/A       45%         2
 Confusing Touch          Hex            0%         N/A       69%         3
 Frozen Ramparts          Ice            0%         1d1       69%         3
 Fugue of the Fallen      Necr           0%         N/A       69%         3
 Anguish                  Hex/Necr       0%         N/A       97%         4
 Animate Dead             Necr           0%         N/A       97%         4
 Dispel Undead            Necr           0%         3d6       97%         4
 Leda's Liquefaction      Alch/Erth      0%         N/A       97%         4
 Petrify                  Alch/Erth      0%         N/A       97%         4
 Metabolic Englaciation   Hex/Ice        0%         N/A       100%        5
 Haunt                    Necr/Summ      0%         N/A       100%        7
 Borgnjor's Revivificati  Necr           0%         N/A       100%        8


Dungeon Overview and Level Annotations

Branches:
Dungeon (10/15)            Temple (1/1) D:6            Lair (0/5) D:9
 Bailey (visited)
    Orc: D:9-12

Altars:
Ashenzari
Cheibriados
Dithmenos
Elyvilon
Fedhas
Gozag
Hepliaklqana
Kikubaaqudgha
Makhleb
Nemelex Xobeh
Okawaru
Qazlal
Ru
Sif Muna
Trog
Uskayaw
Vehumet
Wu Jian
Xom
Yredelemnul
Zin
The Shining One

Shops:
D:8 (

Annotations:
D:3 Terence
D:4 Pikel
D:5 3 runed translucent doors, Xenophilius's ghost, novice AtAr
D:10 exclusion: lindwurm


Innate Abilities, Weirdness & Mutations

You are a tree.
Your roots penetrate the ground, keeping you stationary.
You cannot be teleported.
You are immune to unholy pain and torment.
Your maximum health is greatly increased.
Your equipment is partially melded.
((You can breathe blasts of scalding, opaque steam.))
((Your pale cyan-grey scales are hard. (AC +7)))
You cannot fit into any form of body armour.
((You are cold-blooded and may be slowed by cold attacks.))
((You are immune to the effects of steam.))


Message History

* * * LOW HITPOINT WARNING * * *
Something draws strength from your injuries!
You hit something.
You feel less confused.
You hear some strange, mumbled words.
Something tries to affect you, but you resist.
Your transformation has ended.
Your +1 pair of gloves unmelds from your body.
Your +0 pair of boots unmelds from your body.
You turn into a tree.
Your +1 pair of gloves melds into your body.
Your +0 pair of boots melds into your body.
Your roots penetrate the ground.
Something hits you.
* * * LOW HITPOINT WARNING * * *
Something bites you but does no damage.
You cannot move.
You cannot move.
You cannot move.
You cannot move.
There is a strange disturbance nearby!
There is a strange disturbance nearby!
There is a strange disturbance nearby!
There is a strange disturbance nearby!
You smack something!
Something hits you but does no damage. Something bites you but does no damage.
You barely miss something. Something hits you but does no damage.
Something bites you but does no damage.
You barely miss something. Something draws life force from you!
* * * LOW HITPOINT WARNING * * *
You closely miss something. You barely miss something. Something hits you.
* * * LOW HITPOINT WARNING * * *
Something bites you.
* * * LOW HITPOINT WARNING * * *
Something draws strength from your injuries!
You are confused.
You feel invigorated. Something hits you!
* * * LOW HITPOINT WARNING * * *
Something bites you.
You die...

.......# #.........#
<....(.# #[........#
.......# #.........#
.......#######.........#
.............'.........#
.......#######.........#
#####.## #.........# #.#
###'####### #.# #♣# #.#
#{# #.# #.### #.# #...#
#.# ###.## ##.# #..#
#..# ##.# #.## #.# #.#
#.#


There were no monsters in sight!

Vanquished Creatures
  2 two-headed ogres (D:10)
  An orc knight (Bailey)
  2 komodo dragons (D:9)
  2 trolls (D:9)
  Prince Ribbit (D:9)
  Sigmund (D:3)
  19 yaks
  2 steam dragons (D:9)
  Edmund (D:4)
  2 swamp worms (D:8)
  A water moccasin (D:8)
  2 ice beasts
  6 orc warriors
  A sky beast (D:7)
  A centaur (D:9)
  2 phantoms
  2 bullfrogs (D:9)
  A wyvern zombie (D:6)
  4 scorpions
  A wyvern skeleton (D:6)
  2 water moccasin zombies (D:6)
  5 wights (D:8)
  5 howler monkeys
  4 bombardier beetles
  3 bullfrog zombies (D:6)
  A centaur zombie (D:6)
  A jelly (D:5)
  6 hounds
  5 orc priests
  3 sleepcaps
  2 bullfrog skeletons (D:6)
  7 iguanas
  10 orc wizards
  A howler monkey skeleton (D:6)
  6 gnolls (Bailey)
  8 adders
  A shadow imp (D:5)
  2 white imps
  A dart slug (D:3)
  2 ribbon worms (D:2)
  33 orcs
  10 bats
  9 endoplasms
  A giant cockroach (D:4)
  18 goblins
  19 hobgoblins
  5 quokkas
  2 ball pythons
  3 frilled lizards
  14 kobolds
  4 rats
247 creatures vanquished.

Notes
Turn   | Place    | Note
-------+----------+-------------------------------------------
     0 | D:1      | seren the Draconian Shapeshifter began the quest for the
                  | Orb.
     0 | D:1      | Reached XP level 1. HP: 16/16 MP: 1/1
   199 | D:1      | Reached XP level 2. HP: 21/23 MP: 2/2
   286 | D:1      | Got the Directory of Abhorrent Acts
   765 | D:2      | Reached XP level 3. HP: 29/29 MP: 3/3
  1083 | D:2      | Found a stormy altar of Qazlal.
  1575 | D:3      | Reached XP level 4. HP: 36/36 MP: 4/4
  1767 | D:3      | Noticed Terence
  1862 | D:3      | Found an iron altar of Okawaru.
  1987 | D:3      | Learned a level 2 spell: Blink
  2187 | D:3      | Reached skill level 1 in Evocations
  2187 | D:3      | Reached XP level 5. HP: 25/42 MP: 5/5
  2392 | D:4      | Found a shimmering altar of Xom.
  2392 | D:4      | Noticed an angel
  2393 | D:4      | Found a glowing silver altar of Zin.
  2524 | D:4      | Noticed Pikel
  2528 | D:4      | Noticed a lemure
  2531 | D:4      | Noticed a lemure
  2557 | D:3      | Noticed Sigmund
  2576 | D:3      | Killed Sigmund
  2577 | D:3      | Reached XP level 6. HP: 31/51 MP: 6/6
  2760 | D:4      | Reached skill level 4 in Shapeshifting
  2830 | D:4      | Reached skill level 5 in Unarmed Combat
  2861 | D:4      | Noticed Edmund
  2878 | D:4      | Killed Edmund
  2879 | D:4      | Your scales start taking on a pale cyan-grey colour.
  2879 | D:4      | Reached XP level 7. HP: 57/57 MP: 7/7
  2879 | D:4      | Gained mutation: You are immune to the effects of steam.
                  | [Pale Draconian growth]
  3180 | D:5      | Entered Level 5 of the Dungeon
  3456 | D:5      | Reached skill level 5 in Shapeshifting
  3472 | D:5      | Found a runed translucent gate.
  3473 | D:5      | Found a runed translucent gate.
  3473 | D:5      | Found a runed translucent gate.
  3525 | D:5      | Noticed Xenophilius's ghost (novice AtAr)
  3697 | D:5      | Reached XP level 8. HP: 56/66 MP: 8/8
  4205 | D:6      | Reached skill level 6 in Shapeshifting
  4511 | D:6      | Reached skill level 5 in Evocations
  4513 | D:6      | Reached skill level 5 in Dodging
  4529 | D:6      | Reached skill level 7 in Shapeshifting
  4892 | D:6      | Found a staircase to the Ecumenical Temple.
  4901 | Temple   | Entered the Ecumenical Temple
  4908 | Temple   | Became a worshipper of the Wu Jian Council
  5056 | D:7      | Reached XP level 9. HP: 65/71 MP: 9/9
  5092 | D:7      | Reached skill level 1 in Shields
  5797 | D:8      | Found Wyixo's Antique Weapon Boutique.
  6191 | D:8      | Found a burning altar of Makhleb.
  6211 | D:8      | Reached * piety under Wu Jian
  6356 | D:9      | Found a flagged portal.
  6375 | Bailey   | Entered a bailey
  6391 | Bailey   | Reached skill level 8 in Shapeshifting
  6444 | Bailey   | Noticed an orc knight
  6450 | Bailey   | Reached skill level 5 in Fighting
  6451 | Bailey   | Killed an orc knight
  6472 | Bailey   | Reached ** piety under Wu Jian
  6532 | Bailey   | Reached XP level 10. HP: 81/81 MP: 10/10
  6662 | Bailey   | Noticed an orc warlord
  6662 | Bailey   | Noticed an orc knight
  6664 | Bailey   | Noticed an orc knight
  6678 | D:9      | Noticed Prince Ribbit
  6839 | D:9      | Noticed a tengu warrior
  6839 | D:9      | Noticed a tengu warrior
  6979 | D:9      | Reached skill level 9 in Shapeshifting
  7169 | D:9      | Killed Prince Ribbit
  7313 | D:9      | Reached *** piety under Wu Jian
  7530 | D:9      | Found a staircase to the Lair.
  7767 | D:10     | Entered Level 10 of the Dungeon
  7904 | D:10     | Noticed a two-headed ogre
  7918 | D:10     | Killed a two-headed ogre
  7919 | D:10     | Reached skill level 10 in Shapeshifting
  7919 | D:10     | Reached XP level 11. HP: 91/91 MP: 11/11
  7957 | D:10     | Noticed a two-headed ogre
  7967 | D:10     | Noticed a lindwurm
  7967 | D:10     | Noticed a lindwurm
  7967 | D:10     | Noticed a lindwurm
  7968 | D:10     | Noticed a lindwurm
  8411 | D:10     | Killed a two-headed ogre
  8445 | D:10     | HP: 5/138 [something (6)]
  8446 | D:10     | HP: 2/138 [something (10)]
  8446 | D:10     | Slain by a vampire

Illustrated notes

Levels and vault maps discovered:
D:1:      saegor_arrival_simple_d, layout_basic, minmay_misc_feat_x
D:2:      layout_basic, basic_altar
D:3:      layout_basic, hellmonk_okawaru_the_only_friend_you_need, serial_glass,
          glass_columns_a, glass_columns_c, glass_columns_a, glass_columns_b,
          minmay_stone_trees_small, chequers_serial_rivers_small_b,
          uniq_sigmund, uniq_terence
D:4:      kennysheep_six_static_rooms, layout_cave_pools,
          grunt_temple_overflow_order_and_chaos_1, uniq_pikel, uniq_edmund
D:5:      layout_loops_corners, gammafunk_ghost_split,
          chequers_serial_rivers_marsh, kennysheep_generic_room_5
D:6:      layout_loops_cross, lemuel_temple_firewalk_b, serial_undead,
          serial_undead_a, serial_undead_d, serial_undead_f, serial_undead_b,
          serial_undead_d, minmay_misc_feat_iff
D:7:      layout_rooms
D:8:      layout_rooms, lemuel_coloured_pillars_altar, serial_shops,
          nicolae_shop_waterfront, worms_lemuel
D:9:      layout_basic, grunt_lair_entry_orc_guard_hut, enter_bailey_5,
          lightli_corner_chamber, uniq_prince_ribbit1
D:10:     layout_roguey, minmay_lindwurm_lava
Temple:   nicolae_temple_no_exploring_needed

Skill      XL: |  1  2  3  4  5  6  7  8  9 10 11 |
---------------+----------------------------------+-----
Dodging        | 2 3 4 5 6 7 |  7.6
Fighting       | 2 3 4 5 6 7 |  7.3
Unarmed Combat | 4 5 6 7 8 |  8.0
Evocations     | 1 2 3 5 6 7 |  7.0
Shapeshifting  | 4 5 7 8 10 | 10.0
Shields        | 2 |  2.0

Action                     |  1- 3 |  4- 6 |  7- 9 | 10-12 || total
---------------------------+-------+-------+-------+-------++-------
  Melee: Unarmed           |   114 |    95 |   318 |   237 ||   764
         Tailslap          |    10 |     9 |    54 |    35 ||   108
         Punch             |     5 |     4 |     1 |       ||    10
         Constrict         |       |       |       |    11 ||    11
  Throw: Boomerang         |       |     4 |       |       ||     4
 Invoke: Serpent's Lash    |       |       |       |     1 ||     1
Ability: Begin Untransform |       |     1 |       |     1 ||     2
         Breathe Steam     |       |       |    24 |     8 ||    32
         Lunge             |       |       |     8 |    11 ||    19
         Whirlwind         |       |       |     2 |    86 ||    88
         Wall Jump         |       |       |       |     1 ||     1
  Evoke: Wand              |       |     1 |     3 |     4 ||     8
    Use: Scroll            |     5 |     2 |     5 |     5 ||    17
         Potion            |       |     2 |       |     4 ||     6
   Stab: Paralysed         |       |     9 |     5 |     3 ||    17
 Armour: Skin              |    75 |    50 |   120 |   117 ||   362
  Dodge: Dodged            |    68 |    51 |   182 |   120 ||   421
   Form: Beast             |       |     1 |       |       ||     1
         Flux              |       |       |     1 |     2 ||     3
         Serpent           |       |       |       |     2 ||     2

Table legend: (Time is in decaauts)
 A = Elapsed time spent in this place.
 B = Non-inter-level travel time spent in this place.
 C = Inter-level travel time spent in this place.
 D = Time resting spent in this place.
 E = Time spent auto-exploring this place.
 F = Levels seen in this place.
 G = Mean time per level.
                   A        B        C        D        E       F      G
               +--------+--------+--------+--------+--------+-----+--------+
         Total |   8410 |   8042 |    368 |    350 |   4229 |  12 |  700.8 |
       Dungeon |   8099 |   7731 |    368 |    350 |   4229 |  10 |  809.9 |
        Temple |     16 |     16 |      0 |      0 |      0 |   1 |   16.0 |
        Bailey |    294 |    294 |      0 |      0 |      0 |   1 |  294.0 |
               +--------+--------+--------+--------+--------+-----+--------+

Top non-repeatable levels by time:
     D:9: 1257 daAuts
     D:2: 1001 daAuts
     D:5: 990 daAuts
     D:4: 859 daAuts
     D:6: 795 daAuts
     D:3: 771 daAuts
     D:8: 719 daAuts
     D:7: 601 daAuts
    D:10: 572 daAuts
     D:1: 530 daAuts
  Bailey: 294 daAuts
  Temple: 16 daAuts
